 Dungeon Crawl Stone Soup version 0.19.1 (console) character file.

103 Kloppie the Poker (level 4, -5/38 HPs)
             Began as a Merfolk Berserker on Nov 26, 2016.
             Was a Believer of Trog.
             Killed from afar by an orc wizard (9 damage)
             ... with a magic dart
             ... on level 3 of the Dungeon.
             The game lasted 00:01:58 (1303 turns).

Kloppie the Poker (Merfolk Berserker)               Turns: 1303, Time: 00:01:59

Health: -5/38      AC:  5    Str: 17    XL:     4   Next: 79%
Magic:  4/4        EV: 12    Int:  8    God:    Trog [**....]
Gold:   87         SH:  0    Dex: 14    Spells: 0 memorised, 3 levels left

rFire  . . .     SeeInvis .     a - +0 spear
rCold  . . .     Gourm    .     d - +0 ring mail
rNeg   . . .     Faith    .     (no shield)
rPois  .         Spirit   .     (no helmet)
rElec  .         Reflect  .     (no cloak)
rCorr  .         Harm     .     (no gloves)
MR     ++...                    (no boots)
Stlth  +.........               (no amulet)
                                (no ring)
                                (no ring)

@: exhausted, regenerating, slowed, very slow
A: change form in water, swift swim, stealthy swim, clever 1, subdued magic 1,
sturdy frame 1
a: Berserk, Trog's Hand, Burn Spellbooks, Renounce Religion


You were on level 3 of the Dungeon.
You worshipped Trog.
Trog was pleased with you.
You were very hungry.

You visited 1 branch of the dungeon, and saw 3 of its levels.

You collected 87 gold pieces.

Inventory:

Hand Weapons
 a - a +0 spear (weapon)
Armour
 d - a +0 ring mail (worn)
Jewellery
 j - an uncursed amulet of magic regeneration {unknown}
 n - an uncursed amulet of faith {unknown}
Wands
 l - a wand of confusion (24/48)
Scrolls
 b - a scroll of enchant armour {unknown}
 g - 2 scrolls of enchant weapon {unknown}
 h - a scroll of teleportation {unknown}
 k - 3 scrolls of remove curse {unknown}
 m - 2 scrolls of identify {unknown}
 p - a scroll of recharging {unknown}
Comestibles
 c - a bread ration
 f - a meat ration
 o - a chunk of flesh


   Skills:
 + Level 4.3 Fighting
 * Level 6.8 Polearms
 - Level 1.3 Armour
 - Level 2.6 Dodging


You had 3 spell levels left.
You didn't know any spells.

Dungeon Overview and Level Annotations

Branches:
Dungeon (3/15)

Altars:


Innate Abilities, Weirdness & Mutations

You revert to your normal form in water.
You are very nimble and swift while swimming.
You are very stealthy in the water. (Stealth+)
Your mind is acute. (Int +2)
Your spells are a little easier to cast, but a little less powerful.
Your movements are slightly less encumbered by armour. (ER -2)


Message History

* * * LOW HITPOINT WARNING * * *
The orc wizard hits you but does no damage.
Something hits you.
* * * LOW HITPOINT WARNING * * *
It was a potion of mutation.
You feel extremely strange.
You feel less encumbered by your armour.
Your connection to magic feels subdued.
You feel clever.
The orc wizard hits you but does no damage.
Something hits you.
* * * LOW HITPOINT WARNING * * *
It was a potion of berserk rage.
You're too exhausted to go berserk.
The orc wizard barely misses you. Something hits you but does no damage.
The orc wizard hits you with a dagger.
* * * LOW HITPOINT WARNING * * *
Something hits you but does no damage.
You hit the orc wizard.
The orc wizard is moderately wounded.
The orc wizard points at you and mumbles some strange words.
The magic dart hits you!
You die...

######
#)o..####
#@{......
###....."
....$
.... ###


You could see an orc wizard.

Vanquished Creatures
  An orc wizard (D:3)
  An adder (D:3)
  An ooze (D:2)
  2 dart slugs (D:1)
  A leopard gecko (D:1)
  5 orcs (D:3)
  4 bats
  7 goblins
  8 hobgoblins
  2 jackals (D:1)
  2 quokkas (D:2)
  2 frilled lizards
  7 kobolds
  4 rats
47 creatures vanquished.

Notes
Turn   | Place    | Note
-------+----------+-------------------------------------------
     0 | D:1      | Kloppie the Merfolk Berserker began the quest for the Orb.
     0 | D:1      | Reached XP level 1. HP: 18/18 MP: 1/1
    66 | D:1      | Reached XP level 2. HP: 23/24 MP: 2/2
   195 | D:1      | Reached skill level 5 in Polearms
   394 | D:1      | Reached XP level 3. HP: 30/30 MP: 3/3
   755 | D:2      | Reached ** piety under Trog
  1028 | D:2      | Found a faded altar of an unknown god.
  1179 | D:2      | Reached skill level 6 in Polearms
  1276 | D:3      | Reached XP level 4. HP: 37/37 MP: 4/4
  1300 | D:3      | HP: 1/38 [something (2)]
  1301 | D:3      | Gained mutation: Your movements are slightly less encumbered by armour. (ER -2) [potion of mutation]
  1301 | D:3      | Gained mutation: Your spells are a little easier to cast, but a little less powerful. [potion of mutation]
  1301 | D:3      | Gained mutation: Your mind is acute. (Int +2) [potion of mutation]
  1303 | D:3      | Killed from afar by an orc wizard

Skill      XL: |  1  2  3 |
---------------+----------+-----
Polearms       | 5 6 |  6.8
Fighting       | 4 |  4.3
Armour         | |  1.3
Dodging        | |  2.6

Action                   |  1- 3 |  4- 6 || total
-------------------------+-------+-------++-------
Melee: Spear             |   161 |    24 ||   185
Invok: Berserk           |     1 |       ||     1
       Trog's Hand       |       |     1 ||     1
  Use: Potion            |       |     2 ||     2
  Eat: Chunk             |     1 |       ||     1
Armor: Ring mail         |    25 |    13 ||    38
Dodge: Dodged            |    48 |     2 ||    50
